 Dungeon Crawl Stone Soup version 0.21.1-1-g345015f (webtiles) character file.

58 prawnwizard the Insei (level 4, -1/28 HPs)
             Began as an Octopode Transmuter on July 23, 2018.
             Slain by Sigmund
             ... wielding a +1 scythe of protection
              (14 damage)
             ... on level 2 of the Dungeon.
             The game lasted 00:01:24 (1648 turns).

prawnwizard the Insei (Octopode Transmuter)         Turns: 1648, Time: 00:01:25

Health: -1/28      AC:  2    Str:  9    XL:     4   Next: 1%
Magic:  4/7        EV: 20    Int: 15    God:
Gold:   32         SH:  0    Dex: 18    Spells: 1/7 levels left

rFire    . . .     SeeInvis .     - Unarmed
rCold    . . .     Gourm    .   (shield currently unavailable)
rNeg     . . .     Faith    .   (helmet currently unavailable)
rPois    x         Spirit   .   (no amulet)
rElec    .         Reflect  .   (no ring)
rCorr    .         Harm     .   (no ring)
MR       .....                  (no ring)
Stlth    ++........             (no ring)
HPRegen  0.09/turn              (no ring)
MPRegen  0.10/turn              (no ring)
                                (no ring)
                                (no ring)

@: spider-form (expiring)
A: tiny, almost no armour, stealthy swim, (amphibious), 8 rings, (constrict 8)
a: End Transformation


You were on level 2 of the Dungeon.
You were not hungry.
You were a venomous arachnid creature.
You visited 1 branch of the dungeon, and saw 2 of its levels.

You collected 32 gold pieces.

Inventory:

Missiles
 a - 12 arrows
Scrolls
 e - 2 scrolls of amnesia {unknown}
 f - a scroll of remove curse {unknown}
Books
 b - a book of Changes

   Spells                             Type                      Level
   a - Beastly Appendage              Transmutation                1
   b - Sticks to Snakes               Transmutation                2
   c - Spider Form                    Transmutation/Poison         3
   d - Ice Form                       Ice/Transmutation            4
   e - Blade Hands                    Transmutation                5
Comestibles
 c - a ration
 d - 2 chunks of flesh


   Skills:
 + Level 1.3 Fighting
 + Level 2.3 Dodging
 * Level 4.0 Unarmed Combat
 + Level 2.3 Spellcasting
 + Level 2.3 Transmutations


You had one spell level left.
You knew the following spells:

 Your Spells              Type           Power        Failure   Level  Hunger
a - Beastly Appendage     Tmut           #.....       22%         1    #......
b - Sticks to Snakes      Tmut           #.......     28%         2    ###....
c - Spider Form           Tmut/Pois      #.........   58%         3    ###....


Dungeon Overview and Level Annotations

Branches:
Dungeon (2/15)

Altars:

Annotations:
D:2 Sigmund


Innate Abilities, Weirdness & Mutations

You cannot wear most types of armour.
You are very stealthy in the water. (Stealth+)
((You are amphibious.))
You can wear up to eight rings at the same time.
((You can use your tentacles to constrict eight enemies at once.))
((Your skin changes colour to match your surroundings (Stealth+).))
((Your rubbery body absorbs attacks. (AC +1, EV +1)))


Message History

The rat misses you.
You hit the rat but do no damage.
The rat is poisoned.
You kill the rat!
Sigmund closely misses you.
There is an open door here.
You closely miss Sigmund. Sigmund closely misses you.
You hit Sigmund but do no damage.
Sigmund is poisoned.
Sigmund points at you and mumbles some strange words.
The magic dart hits you!
You hit Sigmund.
Sigmund looks as sick as possible!
Sigmund is moderately wounded.
Sigmund barely misses you.
You hit Sigmund.
Sigmund looks as sick as possible!
Sigmund is heavily wounded.
Your transformation is almost over.
You hit Sigmund but do no damage.
Sigmund is heavily wounded.
Sigmund hits you with a scythe of protection!
Ouch! That really hurt!
You die...

# .# # ##########.#.
............ #
..........#..##
........@...... #s# #.#
#.# ###### #.# .....#
#.#####.. ####.####
#........
........########.######.
...#.##.#...............
.#.#.#..#.##############


You could see Sigmund.

Vanquished Creatures
  An adder (D:2)
  An ooze (D:1)
  A dart slug (D:1)
  2 leopard geckos (D:1)
  A giant cockroach (D:1)
  3 goblins (D:1)
  5 hobgoblins (D:1)
  8 jackals (D:1)
  2 kobolds (D:1)
  A ball python (D:2)
  A bat (D:1)
  4 frilled lizards
  10 rats
40 creatures vanquished.

Notes
Turn   | Place    | Note
-------+----------+-------------------------------------------
     0 | D:1      | prawnwizard the Octopode Transmuter began the quest for the Orb.
     0 | D:1      | Reached XP level 1. HP: 13/13 MP: 3/3
   107 | D:1      | Reached XP level 2. HP: 16/18 MP: 5/5
   413 | D:1      | Reached XP level 3. HP: 14/23 MP: 6/6
  1497 | D:2      | Learned a level 2 spell: Sticks to Snakes
  1501 | D:2      | Learned a level 3 spell: Spider Form
  1634 | D:2      | Reached skill level 4 in Unarmed Combat
  1634 | D:2      | Reached XP level 4. HP: 28/28 MP: 7/7
  1640 | D:2      | Noticed Sigmund
  1648 | D:2      | Slain by Sigmund

Skill      XL: |  1  2  3 |
---------------+----------+-----
Unarmed Combat | 4 |  4.0
Fighting       | |  1.3
Dodging        | |  2.3
Spellcasting   | |  2.3
Transmutations | |  2.3

Action                   |  1- 3 |  4- 6 || total
-------------------------+-------+-------++-------
Melee: Unarmed           |    87 |     6 ||    93
       Constrict         |    22 |       ||    22
       Tentacles         |    12 |       ||    12
       Punch             |     1 |       ||     1
 Cast: Spider Form       |       |     1 ||     1
 Stab: Sleeping          |    11 |       ||    11
       Distracted        |     1 |       ||     1
  Eat: Chunk             |     2 |       ||     2
Armor: Skin              |     1 |       ||     1
Dodge: Dodged            |    38 |     4 ||    42
